 Dungeon Crawl Stone Soup version 0.29-a0-620-g13ace881f2 (webtiles) character file.

Game seed: 9656936732961449852

16 wilfster70 the Chopper (level 2, -1/27 HPs)
             Began as a Hill Orc Monk on June 18, 2022.
             Slain by a gnoll
             ... wielding a +0 club
              (3 damage)
             ... on level 1 of the Dungeon.
             The game lasted 00:03:01 (811 turns).

wilfster70 the Chopper (Hill Orc Monk)               Turns: 811, Time: 00:03:01

Health: -1/27      AC:  2    Str: 13    XL:     2   Next: 54%
Magic:  2/2        EV: 12    Int: 10    God:
Gold:   47         SH:  0    Dex: 13    Spells: 1/1 levels left

rFire   . . .      SeeInvis .   b - +1 dagger (venom)
rCold   . . .      Faith    .   (no shield)
rNeg    . . .      Spirit   .   g - +0 robe
rPois   .          Reflect  .   (no helmet)
rElec   .          Harm     .   j - scarf {+Inv}
rCorr   .          Rampage  .   (no gloves)
Will    .....                   (no boots)
Stlth   ++........              (no amulet)
HPRegen 0.09/turn               (no ring)
MPRegen 0.08/turn               (no ring)

@: no status effects
A: no striking features
a: Evoke Invisibility


You were on level 1 of the Dungeon.
You visited 1 branch of the dungeon, and saw 1 of its levels.

You collected 47 gold pieces.

Inventory:

Hand Weapons
 a - a +0 hand axe
 b - a +1 dagger of venom (weapon)
Armour
 g - a +0 robe (worn)
 j - a scarf of invisibility (worn)
Jewellery
 d - an amulet of faith
Scrolls
 f - a scroll of immolation {unknown}
 h - a scroll of fear {unknown}
 i - a scroll of teleportation {unknown}
Potions
 c - a potion of ambrosia
 e - a potion of brilliance {unknown}


   Skills:
 + Level 3.9 Fighting
 + Level 4.3 Axes
 + Level 2.6 Dodging
 + Level 1.9 Stealth


You had one spell level left.
You didn't know any spells.
Your spell library was empty.

Dungeon Overview and Level Annotations

Branches:
Dungeon (1/15)

Altars:


Message History

You now have 47 gold pieces (gained 14).
Found a knobbly runed staff.
You see here a staff of death.
i - a scroll labelled LUTANE SUEFUZ You open the door.
Found a stone staircase leading down.
There is an open door here.
You open the door.
Found a glowing scarf.
There is an open door here.
You see here a scarf of invisibility.
j - a scarf of invisibility You start putting on your armour.
You continue putting on your scarf of invisibility. x4
You finish putting on your scarf of invisibility.
You become transparent for a moment.
A hobgoblin comes into view.
A hobgoblin is nearby!
A gnoll and a kobold come into view.
Found a scroll labelled NAUNEA YMEECK.
The hobgoblin shouts!
The kobold shouts!
The gnoll shouts!
You hear a shout!
A kobold comes into view. It is wielding a +0 short sword.
The kobold throws a stone.
The stone hits you.
A goblin comes into view. It is wielding a +0 club.
The kobold throws a stone.
The stone hits you but does no damage. The gnoll closely misses you.
The gnoll hits you with a +0 club. The gnoll attacks as you move away!
The gnoll barely misses you.
The kobold throws a stone.
The stone hits you. The gnoll hits you with a +0 club!
The gnoll attacks as you move away! The gnoll completely misses you.
The gnoll attacks as you move away! The gnoll hits you with a +0 club.
* * * LOW HITPOINT WARNING * * *
You hit the gnoll.
The gnoll is poisoned.
The gnoll is lightly wounded.
The gnoll hits you with a +0 club.
* * * LOW HITPOINT WARNING * * *
The gnoll attacks as you move away! The gnoll barely misses you.
The gnoll attacks as you move away! The gnoll hits you with a +0 club.
You die...

######### #.K.....# #K#.....#
#g#...g.######
################.#..K.K.....#
#.........##....g######.....#
#......>..'.....@...............
#.........#.####.####.......####
#.........#.# #........#...#
#######'###.# #.####.........
#.# #.. ... .........##
###.###### ..# ##....?..g.
#........+ ..+ #......###...#
#......#


You could see a gnoll (poisoned), a hobgoblin and 2 kobolds.

Vanquished Creatures
  2 dart slugs (D:1)
  2 ball pythons (D:1)
  3 goblins (D:1)
  A hobgoblin (D:1)
  2 quokkas (D:1)
  A bat (D:1)
11 creatures vanquished.

Notes
Turn   | Place    | Note
-------+----------+-------------------------------------------
     0 | D:1      | wilfster70 the Hill Orc Monk began the quest for the Orb.
     0 | D:1      | Reached XP level 1. HP: 19/19 MP: 1/1
   353 | D:1      | Reached XP level 2. HP: 26/27 MP: 2/2
   811 | D:1      | Slain by a gnoll

Illustrated notes

Levels and vault maps discovered:
D:1:      lightli_arrival_maybe_door_vault, layout_basic, serial_shops, shop,
          serial_park_tiny_2

Action                   || total
-------------------------++-------
Melee: Hand axe          ||    29
       Dagger            ||     9
Armor: Robe              ||    13
Dodge: Dodged            ||    29

Table legend: (Time is in decaauts)
 A = Elapsed time spent in this place.
 B = Non-inter-level travel time spent in this place.
 C = Inter-level travel time spent in this place.
 D = Time resting spent in this place.
 E = Time spent auto-exploring this place.
 F = Levels seen in this place.
 G = Mean time per level.
                   A        B        C        D        E       F      G
               +--------+--------+--------+--------+--------+-----+--------+
         Total |    813 |    813 |      0 |    334 |    248 |   1 |  813.0 |
       Dungeon |    813 |    813 |      0 |    334 |    248 |   1 |  813.0 |
               +--------+--------+--------+--------+--------+-----+--------+

Top non-repeatable levels by time:
     D:1: 813 daAuts
